 Dungeon Crawl Stone Soup version 0.28-a0-533-g9f97627e2a (webtiles) character file.

Game seed: 8588432418234466474

58 tatocazan the Skirmisher (level 3, -2/29 HPs)
             Began as a Demonspawn Fighter on Sept 25, 2021.
             Slain by an orc (4 damage)
             ... on level 4 of the Dungeon.
             The game lasted 00:01:45 (1893 turns).

tatocazan the Skirmisher (Demonspawn Fighter)       Turns: 1893, Time: 00:01:46

Health: -2/29      AC: 10    Str: 17    XL:     3   Next: 76%
Magic:  3/3        EV:  9    Int:  9    God:
Gold:   85         SH:  6    Dex: 12    Spells: 2/2 levels left

rFire   . . .      SeeInvis .   a - +0 war axe
rCold   . . .      Faith    .   f - +2 buckler
rNeg    + . .      Spirit   .   b - +0 scale mail
rPois   .          Reflect  .   (no helmet)
rElec   .          Harm     .   (no cloak)
rCorr   .          Rampage  .   (no gloves)
Will    .....                   (no boots)
Stlth   ..........              (no amulet)
HPRegen 0.09/turn               g - +4 ring of protection
MPRegen 0.16/turn               h - ring of positive energy

@: no status effects
A: powered by pain 1, magic regeneration
a: no special abilities


You were on level 4 of the Dungeon.
You visited 1 branch of the dungeon, and saw 4 of its levels.

You collected 85 gold pieces.

Inventory:

Hand Weapons
 a - a +0 war axe (weapon)
Armour
 b - a +0 scale mail (worn)
 f - a +2 buckler (worn)
Jewellery
 g - a +4 ring of protection (left hand)
 h - a ring of positive energy (right hand)
Scrolls
 e - 2 scrolls of noise {unknown}
 j - 2 scrolls of identify {unknown}
 l - a scroll of acquirement {unknown}
 m - a scroll of blinking {unknown}
Potions
 c - 2 potions of attraction {unknown}
 d - a potion of might
 i - a potion of ambrosia {unknown}
 k - a potion of haste {unknown}


   Skills:
 + Level 3.4 Fighting
 + Level 2.4 Axes
 + Level 3.1 Armour
 + Level 3.1 Shields


You had 2 spell levels left.
You didn't know any spells.
Your spell library was empty.

Dungeon Overview and Level Annotations

Branches:
Dungeon (4/15)
 Temple: D:4-7

Altars:
Cheibriados


Innate Abilities, Weirdness & Mutations

You sometimes gain a little power by taking damage.
You regenerate magic rapidly.


Message History

You are too injured to fight recklessly!
You are too injured to fight recklessly!
You take 15 damage, and have 3/29 hp.
MASSIVE DAMAGE!!
You are too injured to fight recklessly!
You are too injured to fight recklessly!
You are too injured to fight recklessly!
You are too injured to fight recklessly!
You are too injured to fight recklessly!
You are too injured to fight recklessly!
You are too injured to fight recklessly!
You are too injured to fight recklessly!
You are too injured to fight recklessly!
You are too injured to fight recklessly!
You are too injured to fight recklessly!
You are too injured to fight recklessly!
You see here a silvery potion.
The goblin unwields a +0 club.
The goblin wields a +0 hunting sling.
The goblin shoots a stone.
You block the stone. The gnoll hits you but does no damage.
The endoplasm hits you but does no damage.
The gnoll shaman calls upon its god to heal the gnoll.
The gnoll's wounds heal themselves!
The goblin shoots a stone.
The stone hits you but does no damage.
The gnoll shaman calls upon its god to speed up the gnoll.
The gnoll seems to speed up.
There is a stone staircase leading down here.
The endoplasm freezes you.
You are frozen.
* * * LOW HITPOINT WARNING * * *
You block the gnoll's attack.
The gnoll shaman calls upon its god to speed up the gnoll.
The gnoll seems to speed up.
You climb downwards.
The orc shouts!
There is a stone staircase leading up here.
You take 2 damage, and have 2/29 hp.
The endoplasm closely misses you. The ogre closely misses you.
The orc hits you but does no damage. The orc hits you with a +0 flail.
You die...

#+# #.# #
######.###.##
............#
##..@##


#.OgoJ# ##.<.## ##.## ### You could see an ogre, an orc, an endoplasm and a
goblin.

Vanquished Creatures
  2 adders (D:3)
  A worm (D:3)
  3 endoplasms
  2 giant cockroaches (D:3)
  3 goblins
  4 hobgoblins
  8 kobolds
  A quokka (D:3)
  5 ball pythons
  3 bats (D:1)
  3 frilled lizards (D:1)
  A rat (D:2)
36 creatures vanquished.

Notes
Turn   | Place    | Note
-------+----------+-------------------------------------------
     0 | D:1      | tatocazan the Demonspawn Fighter began the quest for the
                  | Orb.
     0 | D:1      | Reached XP level 1. HP: 18/18 MP: 1/1
   163 | D:1      | Gained mutation: You sometimes gain a little power by
                  | taking damage. [demonic ancestry]
   163 | D:1      | Reached XP level 2. HP: 10/24 MP: 2/2
   363 | D:1      | Found a faded altar of an unknown god.
  1100 | D:2      | Found a snail-covered altar of Cheibriados.
  1541 | D:3      | Gained mutation: You regenerate magic rapidly. [demonic
                  | ancestry]
  1541 | D:3      | Reached XP level 3. HP: 28/29 MP: 3/3
  1891 | D:4      | Noticed an ogre
  1893 | D:4      | Slain by an orc

Illustrated notes

Levels and vault maps discovered:
D:1:      kennysheep_arrival_seaside, layout_basic,
          hellmonk_ecumenical_altar_blasted
D:2:      layout_loops_ring, basic_altar
D:3:      layout_rooms, kennysheep_another_room
D:4:      wander_river, layout_loops_corners, mainiacjoe_overflow_alcove_1,
          amcnicky_altar_gilded

Skill      XL: |  1  2 |
---------------+-------+-----
Axes           | 2 |  2.4
Shields        | 3 |  3.1
Armour         | 3 |  3.1
Fighting       | |  3.4

Action                   || total
-------------------------++-------
Melee: War axe           ||   107
Armor: Scale mail        ||    73
Dodge: Dodged            ||    58
Block: Buckler           ||    40

Table legend: (Time is in decaauts)
 A = Elapsed time spent in this place.
 B = Non-inter-level travel time spent in this place.
 C = Inter-level travel time spent in this place.
 D = Time resting spent in this place.
 E = Time spent auto-exploring this place.
 F = Levels seen in this place.
 G = Mean time per level.
                   A        B        C        D        E       F      G
               +--------+--------+--------+--------+--------+-----+--------+
         Total |   1938 |   1882 |     56 |    254 |   1346 |   4 |  484.5 |
       Dungeon |   1938 |   1882 |     56 |    254 |   1346 |   4 |  484.5 |
               +--------+--------+--------+--------+--------+-----+--------+

Top non-repeatable levels by time:
     D:1: 902 daAuts
     D:2: 660 daAuts
     D:3: 373 daAuts
     D:4: 1 daAuts
